 Dungeon Crawl Stone Soup version 0.22-a0-779-g6f83d72c62 (webtiles) character file.

29 Htamos the Skirmisher (level 3, 0/30 HPs)
             Began as a Barachi Fighter on July 19, 2018.
             Slain by Sigmund
             ... wielding a +0 scythe
              (12 damage)
             ... on level 2 of the Dungeon.
             The game lasted 00:01:25 (1211 turns).

Htamos the Skirmisher (Barachi Fighter)             Turns: 1211, Time: 00:01:26

Health: 0/30       AC:  7    Str: 17    XL:     3   Next: 16%
Magic:  3/3        EV:  7    Int:  8    God:
Gold:   80         SH:  9    Dex: 12    Spells: 2/2 levels left

rFire    . . .     SeeInvis .   a - +0 war axe
rCold    . . .     Gourm    .   c - +0 shield
rNeg     . . .     Faith    .   b - +0 scale mail
rPois    .         Spirit   .   (no helmet)
rElec    .         Reflect  .   (no cloak)
rCorr    .         Harm     .   (no gloves)
MR       .....                  (no boots)
Stlth    ..........             (no amulet)
HPRegen  0.10/turn              (no ring)
MPRegen  0.08/turn              (no ring)

@: slow
A: +LOS, swims, slowness 1, strong legs 1
a: Hop


You were on level 2 of the Dungeon.
You were hungry.

You visited 1 branch of the dungeon, and saw 2 of its levels.

You collected 80 gold pieces.

Inventory:

Hand Weapons
 a - a +0 war axe (weapon)
Armour
 b - a +0 scale mail (worn)
 c - a +0 shield (worn)
Jewellery
 e - an uncursed ring of protection from cold {unknown}
 h - an uncursed ring of ice {unknown}
 n - an uncursed amulet of harm {unknown}
 p - an uncursed ring of fire {unknown}
Scrolls
 i - a scroll of identify {unknown}
 j - a scroll of enchant armour {unknown}
 l - a scroll of noise {unknown}
Potions
 d - a potion of might
 g - a potion of degeneration {unknown}
 k - a potion of resistance {unknown}
 m - 3 potions of curing {unknown}
 o - a potion of cancellation {unknown}
 q - a potion of mutation {unknown}
 r - a potion of heal wounds {unknown}
Comestibles
 f - a ration


   Skills:
 + Level 4.1 Fighting
 + Level 2.7 Axes
 + Level 4.0 Armour
 + Level 3.6 Shields


You had 2 spell levels left.
You didn't know any spells.
Your spell library was empty.

Dungeon Overview and Level Annotations

Branches:
Dungeon (2/15)

Altars:

Annotations:
D:2 Sigmund


Innate Abilities, Weirdness & Mutations

Shadows flee at your approach. (+LOS)
You can swim through water.
You cover ground slowly.
You can hop short distances.


Message History

Sigmund is almost dead.
Sigmund is suddenly surrounded by pale blue light.
Sigmund points at you and mumbles some strange words.
You resist with significant effort.
Sigmund mumbles some strange words.
Sigmund flickers and vanishes!
You aren't carrying any items that you can evoke.
Unknown command.
You closely miss something.
You hear some strange, mumbled words.
A puff of flame appears from out of thin air!
The puff of flame hits you!
* * * LOW HITPOINT WARNING * * *
You are feeling hungry.
You barely miss something. Something hits you.
* * * LOW HITPOINT WARNING * * *
Your shield and scale mail prevent you from hitting something.
You block something's attack.
You barely miss something. Something hits you!
You die...

#######
#.....#
####.....#
####..รท.....#
#....##.....#
#{#####.....#
###@# #####.##
#.<.# #..##
#......# ##..#
.....####.#
#...# #### #..
##..$. ##.#
..##.# .# #?#
.# .. #># .
#<# #.#


There were no monsters in sight!

Vanquished Creatures
  2 dart slugs
  2 leopard geckos (D:1)
  A giant cockroach (D:1)
  2 goblins (D:1)
  5 hobgoblins
  3 bats (D:1)
  3 kobolds (D:1)
  4 rats (D:1)
22 creatures vanquished.

Notes
Turn   | Place    | Note
-------+----------+-------------------------------------------
     0 | D:1      | Htamos the Barachi Fighter began the quest for the Orb.
     0 | D:1      | Reached XP level 1. HP: 18/18 MP: 1/1
   267 | D:1      | Reached XP level 2. HP: 21/25 MP: 2/2
   783 | D:1      | Reached XP level 3. HP: 28/30 MP: 3/3
   901 | D:2      | Noticed Sigmund
  1211 | D:2      | Slain by Sigmund

Vault maps used:
D:1:      lemuel_arrival_behind_the_door_large, minmay_tall_x
D:2:      kiku_gazebo_pond_becter, lemuel_round_altar,
          chequers_temple_overflow_minitemple, first_ration, dk_xom_monty_hall,
          uniq_robin, uniq_sigmund, uniq_jessica

Skill      XL: |  1  2 |
---------------+-------+-----
Fighting       | 4 |  4.1
Armour         | 4 |  4.0
Axes           | |  2.7
Shields        | |  3.6

Action                   || total
-------------------------++-------
Melee: War axe           ||    80
  Eat: Chunk             ||     1
Armor: Scale mail        ||    43
Dodge: Dodged            ||    20
Block: Shield            ||    62

Table legend:
 A = Spawn XP
 B = Non-spawn XP
 C = Spawn XP percentage of total XP
 D = Spawn monster count
 E = Non-spawn monster count
 F = Spawn count percentage of total count
 G = Total turns spent on level
                    A         B        C        D         E        F      G
               +---------+---------+-------+---------+---------+-------+---------
         Total |       0 |      42 |   0.0 |       0 |      22 |   0.0 |  1211
               +---------+---------+-------+---------+---------+-------+---------
           D:1 |       0 |      36 |   0.0 |       0 |      20 |   0.0 |  1156
           D:2 |       0 |       6 |   0.0 |       0 |       2 |   0.0 |    55
               +---------+---------+-------+---------+---------+-------+---------
